 Dungeon Crawl Stone Soup version 0.26.0-20-g3ca415f5b8 (webtiles) character file.

Game seed: 12938712581129234576

188 Gauvater the Firebug (level 5, 0/32 HPs)
             Began as an Octopode Fire Elementalist on Jan 25, 2021.
             Was an Initiate of Vehumet.
             Succumbed to a worker ant's poison
             ... on level 4 of the Dungeon.
             The game lasted 00:27:45 (4315 turns).

Gauvater the Firebug (Octopode Fire Elementalist)   Turns: 4315, Time: 00:27:46

Health: 0/32       AC:  1    Str:  5 (7)  XL:     5   Next: 67%
Magic:  9/9        EV: 13    Int: 16 (18) God:    Vehumet [......]
Gold:   328        SH:  0    Dex: 12 (13) Spells: 6/10 levels left

rFire    + . .     SeeInvis .   t - +1 dagger (venom)
rCold    + . .     Faith    .   (no shield)
rNeg     . . .     Spirit   .   (helmet restricted)
rPois    +         Reflect  .   (no amulet)
rElec    +         Harm     .   a - ring of wizardry
rCorr    +         Rampage  .   (no ring)
Will     .....                  (no ring)
Stlth    +++.......             (no ring)
HPRegen  0.10/turn              (no ring)
MPRegen  0.11/turn              (no ring)
                                (no ring)
                                (no ring)

@: lethally poisoned (0 -> -1), resistant, flying
A: almost no armour, stealthy swim, amphibious, 8 rings, constrict 8, camouflage
1, gelatinous body 1
a: Renounce Religion


You were on level 4 of the Dungeon.
You worshipped Vehumet.
Vehumet was noncommittal.
You visited 2 branches of the dungeon, and saw 5 of its levels.

You collected 328 gold pieces.

Inventory:

Hand Weapons
 o - a +0 antimagic short sword
 p - a +2 rapier of holy wrath
 t - a +1 dagger of venom (weapon)
 x - a +0 spear
Missiles
 f - 23 poisoned darts
 g - 73 stones
 i - 33 sling bullets
 k - 42 bolts
 l - 57 arrows
Jewellery
 a - a ring of wizardry (left tentacle)
Wands
 w - a wand of flame (21)
Scrolls
 b - a scroll of enchant weapon {unknown}
 c - 2 scrolls of remove curse
 d - a scroll of magic mapping {unknown}
 e - 2 scrolls of amnesia
 h - a scroll of fog {unknown}
 n - 2 scrolls of teleportation
 q - 2 scrolls of blinking
 u - 3 scrolls of enchant armour
Potions
 m - a potion of brilliance


   Skills:
 + Level 0.3 Fighting
 + Level 2.4 Dodging
 + Level 4.0 Stealth
 - Level 0.1 Unarmed Combat
 + Level 3.1 Spellcasting
 + Level 1.7 Conjurations
 + Level 4.4 Fire Magic


You had 6 spell levels left.
You knew the following spells:

 Your Spells              Type           Power        Failure   Level
a - Foxfire               Conj/Fire      48%          2%          1
b - Conjure Flame         Conj/Fire      12%          6%          3

Your spell library contained the following spells:

 Spells                   Type           Power        Failure   Level
 Inner Flame              Hex/Fire       9%           9%          3
 Sticky Flame             Conj/Fire      12%          21%         4
 Fireball                 Conj/Fire      6%           47%         5


Dungeon Overview and Level Annotations

Branches:
Dungeon (4/15)             Temple (1/1) D:4

Altars:
Ashenzari
Dithmenos
Elyvilon
Fedhas
Hepliaklqana
Kikubaaqudgha
Okawaru
Vehumet
Wu Jian
Xom
Yredelemnul
The Shining One

Annotations:
D:2 1 exclusion
D:4 1 runed translucent door, Crazy Yiuf, Natasha, Sigmund


Innate Abilities, Weirdness & Mutations

You cannot wear most types of armour.
You are very stealthy in the water. (Stealth+)
You are amphibious.
You can wear up to eight rings at the same time.
You can use your tentacles to constrict eight enemies at once.
Your skin changes colour to match your surroundings (Stealth+).
Your rubbery body absorbs attacks. (AC +1, EV +1)


Message History

Found a lead wand.
* * * LOW HITPOINT WARNING * * *
You feel sick.
You see here 17 stones.
Okay, then.
* * * LOW HITPOINT WARNING * * *
You feel sick.
Unknown command.
Natasha, Servant of Life and Death comes into view.
* * * LOW HITPOINT WARNING * * *
You feel sick.
Found a lajatang.
* * * LOW HITPOINT WARNING * * *
You feel sick.
There is a lethal amount of poison in your body!
As you read the scroll of teleportation, it crumbles to dust.
You feel strangely unstable.
Unknown command.
Your surroundings suddenly seem different.
You die...

#.##.......##.#.###.##
#.....##.#......###.##
#..##....#...##..##..# .
#. ...................
..# ##.#....###........
#...###......####..###..
#....##......###..###..
#............##...#...
#....@................
#.....................
#........#.........###
#.........###.......# #
...........# #..[.....#
...........# #.....##.#
.....###..#. #.....# #..
#..## ..#..#....## ##


There were no monsters in sight!

Vanquished Creatures
  A worker ant (D:4)
  A gnoll (D:1)
  6 adders (D:2)
  3 oozes
  3 worms (D:2)
  2 dart slugs
  4 leopard geckos
  4 orcs (D:3)
  4 bats (D:3)
  2 giant cockroaches (D:3)
  14 hobgoblins
  7 kobolds
  A quokka (D:3)
  3 frilled lizards
  9 goblins
  4 rats
68 creatures vanquished.

Vanquished Creatures (others)
  198 foxfires
198 creatures vanquished.

Grand Total: 266 creatures vanquished

Notes
Turn   | Place    | Note
-------+----------+-------------------------------------------
     0 | D:1      | Gauvater the Octopode Fire Elementalist began the quest for
                  | the Orb.
     0 | D:1      | Reached XP level 1. HP: 11/11 MP: 3/3
   197 | D:1      | Reached XP level 2. HP: 17/17 MP: 1/5
   468 | D:1      | Reached XP level 3. HP: 17/21 MP: 1/6
  1428 | D:2      | Reached XP level 4. HP: 27/27 MP: 3/8
  1955 | D:2      | Learned a level 3 spell: Conjure Flame
  2074 | D:2      | Found a shimmering altar of Xom.
  2075 | D:2      | Found a hazy altar of Hepliaklqana.
  2076 | D:2      | Noticed a spectral ugly thing
  2123 | D:2      | Found a white marble altar of Elyvilon.
  2133 | D:2      | Reached XP level 5. HP: 31/31 MP: 6/9
  3563 | D:4      | Found a staircase to the Ecumenical Temple.
  3568 | Temple   | Entered the Ecumenical Temple
  3759 | Temple   | Became a worshipper of Vehumet
  4150 | D:4      | Found a runed translucent door.
  4151 | D:4      | Noticed Crazy Yiuf
  4265 | D:4      | Noticed Sigmund
  4307 | D:4      | Noticed Natasha
  4307 | D:4      | HP: 1/32 [poisoned by a worker ant]
  4315 | D:4      | Succumbed to a worker ant's poison

Illustrated notes

Levels and vault maps discovered:
D:1:      amcnicky_arrival_single_pillar, layout_loops_ring,
          grunt_decor_arrowhead, minmay_pentomino_v4
D:2:      cheibrodos_greedy_goblins, layout_rooms,
          regret_index_temple_of_mockery, lemuel_crystal_altar,
          minmay_joined_circles
D:3:      layout_loops_corners, grunt_ministairs_9,
          chequers_serial_rivers_micro_b
D:4:      layout_layer_cave, nicolae_ru_awakened_eye, minmay_temple_entry_ruins,
          uniq_crazy_yiuf_cottage, uniq_sigmund, uniq_natasha
Temple:   jpeg_temple_island

Skill      XL: |  1  2  3  4  5 |
---------------+----------------+-----
Stealth        | 3 4 |  4.0
Fire Magic     | 4 |  4.4
Spellcasting   | 3 |  3.1
Fighting       | |  0.3
Dodging        | |  2.4
Unarmed Combat | |  0.1
Conjurations   | |  1.7

Action                   |  1- 3 |  4- 6 || total
-------------------------+-------+-------++-------
Melee: Unarmed           |     3 |     5 ||     8
       Constrict         |     1 |     2 ||     3
       Tentacles         |     1 |       ||     1
       Dagger            |       |     8 ||     8
 Cast: Foxfire           |    38 |    77 ||   115
  Use: Potion            |     1 |     4 ||     5
       Scroll            |       |     7 ||     7
 Stab: Sleeping          |       |     5 ||     5
Dodge: Dodged            |     7 |    26 ||    33
